 Dungeon Crawl Stone Soup version 0.26.0-10-g1f06aea511 (webtiles) character file.

Game seed: 16283550074069455155

43 Borgoz the Ducker (level 3, -3/30 HPs)
             Began as a Ghoul Gladiator on Jan 18, 2021.
             Killed from afar by a dart slug (4 damage)
             ... with a slug dart
             ... on level 2 of the Dungeon.
             The game lasted 00:00:51 (1497 turns).

Borgoz the Ducker (Ghoul Gladiator)                 Turns: 1497, Time: 00:00:52

Health: -3/30      AC:  4    Str: 17    XL:     3   Next: 58%
Magic:  2/2        EV: 12    Int:  3    God:
Gold:   53         SH:  0    Dex: 11    Spells: 2/2 levels left

rFire    . . .     SeeInvis .   a - +0 long sword
rCold    + . .     Faith    .   (no shield)
rNeg     + + +     Spirit   .   b - +0 leather armour
rPois    ∞         Reflect  .   c - +0 helmet
rElec    .         Harm     .   (no cloak)
rCorr    .         Rampage  .   (no gloves)
Will     .....                  (no boots)
Stlth    +.........             (no amulet)
HPRegen  0.00/turn              (no ring)
MPRegen  0.08/turn              (no ring)

@: hasted, very quick
A: claws 1, cold resistance 1, negative energy resistance 3, inhibited
regeneration, torment resistance, unbreathing
a: no special abilities


You were on level 2 of the Dungeon.
You visited 1 branch of the dungeon, and saw 2 of its levels.

You collected 53 gold pieces.

Inventory:

Hand Weapons
 a - a +0 long sword (weapon)
Missiles
 d - 3 throwing nets (quivered)
Armour
 b - a +0 leather armour (worn)
 c - a +0 helmet (worn)
Scrolls
 g - a scroll of teleportation {unknown}
 h - a scroll of identify {unknown}
Potions
 f - 2 potions of haste


   Skills:
 + Level 2.6 Fighting
 * Level 3.1 Long Blades
 - Level 1.7 Throwing
 + Level 1.1 Armour
 * Level 3.1 Dodging


You had 2 spell levels left.
You didn't know any spells.
Your spell library was empty.

Dungeon Overview and Level Annotations

Branches:
Dungeon (2/15)

Altars:


Innate Abilities, Weirdness & Mutations

You thrive by killing the living.
You are immune to poison.
You have sharp fingernails.
Your flesh is cold resistant. (rC+)
You are immune to negative energy. (rN+++)
You do not regenerate when monsters are visible.
You are immune to unholy pain and torment.
You can survive without breathing.


Message History

You are too injured to fight recklessly!
You are too injured to fight recklessly!
You are too injured to fight recklessly!
You are too injured to fight recklessly!
You are too injured to fight recklessly!
You are too injured to fight recklessly!
You are too injured to fight recklessly!
You are too injured to fight recklessly!
You are too injured to fight recklessly!
You are too injured to fight recklessly!
It was a potion of lignification.
You feel woody for a moment.
It was a potion of haste.
You feel yourself speed up. The dart slug launches a dart at you.
The slug dart hits you.
* * * LOW HITPOINT WARNING * * *
The worm bites you.
* * * LOW HITPOINT WARNING * * *
The dart slug launches a dart at you. The slug dart hits you.
You die...

#.......#.#
#.####..#.#
#.....#.# .#
#....##.## .#
#........##.#
#.....#...#.#
#.....#####.#
#........w..#+####
#...@####w.......#
#.......#........#
#.#####.#........#
#. #........# #
#.$......#
#........#
#.........
#.........
#.........


You could see a dart slug.

Vanquished Creatures
  An adder (D:2)
  A dart slug (D:2)
  2 leopard geckos (D:1)
  6 bats
  A giant cockroach (D:1)
  7 goblins (D:1)
  A hobgoblin (D:1)
  2 jackals (D:2)
  A frilled lizard (D:1)
  2 kobolds (D:1)
  5 rats
29 creatures vanquished.

Notes
Turn   | Place    | Note
-------+----------+-------------------------------------------
     0 | D:1      | Borgoz the Ghoul Gladiator began the quest for the Orb.
     0 | D:1      | Reached XP level 1. HP: 17/17 MP: 0/0
   156 | D:1      | Reached XP level 2. HP: 20/25 MP: 1/1
   883 | D:1      | Reached skill level 1 in Armour
   883 | D:1      | Reached XP level 3. HP: 30/30 MP: 2/2
  1491 | D:2      | HP: 1/30 [worm (4)]
  1497 | D:2      | Killed from afar by a dart slug

Illustrated notes

Levels and vault maps discovered:
D:1:      eino_arrival_cavern_b, layout_basic
D:2:      layout_basic, minmay_misc_feat_hallway

Skill      XL: |  1  2 |
---------------+-------+-----
Long Blades    | 3 |  3.1
Dodging        | 3 |  3.1
Armour         | 1 |  1.1
Fighting       | |  2.6
Throwing       | |  1.7

Action                   || total
-------------------------++-------
Melee: Long sword        ||    88
  Use: Potion            ||     2
Armor: Leather armour    ||    29
Dodge: Dodged            ||    74
       Rpst.: Long sword ||    29
